 Dungeon Crawl Stone Soup version 0.15.2 (webtiles) character file.

114 RottenBandages the Insei (level 4, -2/35 HPs)
             Began as a Mummy Monk on Oct 31, 2015.
             Slain by a worker ant (4 damage)
             ... on Level 3 of the Dungeon.
             The game lasted 00:02:09 (2369 turns).

RottenBandages the Insei (Mummy Monk)               Turns: 2369, Time: 00:02:09

HP  -2/35        AC  3     Str 14      XL: 4   Next: 67%
MP   4/4         EV 13     Int  9      God:
Gold 123         SH  0     Dex 15      Spells:  0 memorised,  3 levels left

rFire  x . .     SeeInvis .       - Unarmed
rCold  + . .     Clarity  .     a - +0 robe
rNeg   + + +     rCorr    .     (no shield)
rPois  +         rRot     +     c - +1 hat
rElec  .         Spirit   .     (no cloak)
SustAb .         Warding  .     (no gloves)
rMut   .         Stasis   .     (no boots)
Gourm  .                        (no amulet)
MR     .....                    (no ring)
                                (no ring)

@: not resistant to hostile enchantments, unstealthy
A: no food or potions, fire vulnerability, restore body, cold resistance 1,
negative energy resistance 3, poison resistance, torment resistance, unbreathing
a: no special abilities


You were on level 3 of the Dungeon.
You were not hungry.

You visited 1 branch of the dungeon, and saw 3 of its levels.

You collected 123 gold pieces.


Innate Abilities, Weirdness & Mutations

You do not eat or drink.
Your flesh is vulnerable to fire.
Your flesh is cold resistant.
You are immune to negative energy.
Your system is resistant to poisons.
You are immune to unholy pain and torment.
You can survive without breathing.


   Skills:
 - Level 3.0 Fighting
 - Level 2.4 Dodging
 - Level 1.5 Stealth
 + Level 5.0 Unarmed Combat


You had 3 spell levels left.
You didn't know any spells.

Inventory:

Missiles
 e - 7 poisoned needles
Armour
 a - a +0 robe (worn)
 c - a +1 hat (worn)
Scrolls
 b - 2 scrolls of identify {unknown}
 d - 2 scrolls of amnesia {unknown}

Dungeon Overview and Level Annotations

Branches:
Dungeon (3/15)

Altars:
Ashenzari

Annotations:
D:2 Sigmund

#.##.### ... #
#.#...... #...... #
#.#....... .....
#####.#......# ....####
.............# .......#
.............# #......#
......)......###......#
......%<.....##..B....#
.....)..%.......M.....#
....#.................+
....#.......%.(.......#
....+........(..#+###.#
....##)...............#
######.........##.### #
########### .# # . # #


You could see a worker ant.


Message History

The worker ant is severely wounded.
The worker ant bites you.
* * * LOW HITPOINT WARNING * * *
You closely miss the worker ant.
The worker ant is severely wounded.
The worker ant bites you!
* * * LOW HITPOINT WARNING * * *
You are too injured to fight recklessly!
You are too injured to fight recklessly!
You are too injured to fight recklessly!
You are too injured to fight recklessly!
You are too injured to fight recklessly!
You hit the worker ant.
The worker ant is almost dead.
The worker ant closely misses you.
You hit the worker ant.
The worker ant is almost dead.
The worker ant bites you but does no damage.
You closely miss the worker ant.
The worker ant is almost dead.
The worker ant bites you.
* * * LOW HITPOINT WARNING * * *
You hit the worker ant but do no damage.
The worker ant is almost dead.
The worker ant closely misses you.
You closely miss the worker ant.
The worker ant is almost dead.
The worker ant bites you but does no damage.
The worker ant bites you.
You die...

Action                   |  1- 3 |  4- 6 || total
-------------------------+-------+-------++-------
Melee: Unarmed           |   169 |    82 ||   251
 Stab: Sleeping          |     4 |     2 ||     6

Vault maps used:
D:1:      dpeg_arrival_three_bigger_balls, minmay_misc_feat_chi
D:2:      first_bread, uniq_sigmund
D:3:      overflow_temple_1_default, uniq_terence, uniq_grinder, uniq_jessica

Notes
Turn   | Place    | Note
--------------------------------------------------------------
     0 | D:1      | RottenBandages, the Mummy Monk, began the quest for the Orb.
     0 | D:1      | Reached XP level 1. HP: 18/18 MP: 1/1
   474 | D:1      | Reached XP level 2. HP: 24/24 MP: 2/2
  1003 | D:2      | Reached skill level 4 in Unarmed Combat
  1054 | D:2      | Reached XP level 3. HP: 12/29 MP: 3/3
  1717 | D:2      | Reached XP level 4. HP: 14/35 MP: 4/4
  2035 | D:2      | Noticed Sigmund
  2071 | D:3      | Noticed Terence
  2183 | D:3      | Killed Terence
  2183 | D:3      | Reached skill level 5 in Unarmed Combat
  2295 | D:3      | Found a shattered altar of Ashenzari.
  2367 | D:3      | HP: 2/35 [worker ant (5)]
  2369 | D:3      | Slain by a worker ant

Vanquished Creatures
  Terence (D:3)
  6 adders
  2 giant geckos
  2 oozes
  An orc (D:3)
  2 bats
  5 giant cockroaches
  3 hobgoblins
  2 jackals (D:1)
  2 quokkas
  2 ball pythons
  4 giant newts
  6 kobolds
  3 rats
41 creatures vanquished.
